 Dungeon Crawl Stone Soup version 0.29-a0-1027-gcd8c55af63 (webtiles) character file.

Game seed: 9535995622536784676

4844 quixfox the Destroyer (level 10, -5/77 HPs)
             Began as a Demonspawn Conjurer on Aug 13, 2022.
             Was a Follower of Vehumet.
             Slain by a bunyip (shapeshifter) (33 damage)
             ... on level 8 of the Dungeon.
             The game lasted 00:39:19 (10428 turns).

quixfox the Destroyer (Demonspawn Conjurer)        Turns: 10428, Time: 00:39:20

Health: -5/77      AC:  8    Str:  8    XL:     10   Next: 25%
Magic:  22/22      EV: 12    Int: 31    God:    Vehumet [*.....]
Gold:   328        SH:  5    Dex: 12    Spells: 12/25 levels left

rFire   . . .      SeeInvis .   w - +3 dagger (venom)
rCold   . . .      Faith    .   (no shield)
rNeg    . . .      Spirit   .   a - +1 robe
rPois   .          Reflect  +   (helmet restricted)
rElec   .          Harm     .   (no cloak)
rCorr   .          Rampage  .   n - +0 pair of gloves
Will    .....                   (no boots)
Stlth   ++........              f - amulet of reflection
HPRegen 0.22/turn               j - +6 ring of intelligence
MPRegen 0.18/turn               q - +4 ring of protection

@: about to teleport
A: antennae 2, ignite blood 2, powered by death 1, big brain 1
a: Renounce Religion


You were on level 8 of the Dungeon.
You worshipped Vehumet.
Vehumet was aware of your devotion.
You visited 2 branches of the dungeon, and saw 9 of its levels.

You collected 328 gold pieces.

Inventory:

Hand Weapons
 w - a +3 dagger of venom (weapon)
Missiles
 l - a throwing net
Armour
 a - a +1 robe (worn)
 n - a +0 pair of gloves (worn)
 y - a +0 leather armour of poison resistance
Jewellery
 e - a ring of fire
 f - an amulet of reflection (around neck)
 g - a ring of magical power
 j - a +6 ring of intelligence (left hand)
 m - a ring of protection from cold
 q - a +4 ring of protection (right hand)
Wands
 k - a wand of flame (18)
 o - a wand of quicksilver (3)
 r - a wand of paralysis (9)
 B - a wand of roots (6)
Scrolls
 i - 3 scrolls of enchant armour
 v - a scroll of fog
Potions
 b - a potion of haste
 c - a potion of attraction {unknown}
 d - 3 potions of mutation
 h - a potion of ambrosia {unknown}
 p - a potion of invisibility {unknown}
 s - 6 potions of brilliance
 u - a potion of might
 x - a potion of magic
 z - a potion of cancellation {unknown}
 C - a potion of resistance {unknown}
 D - a potion of flight {unknown}


   Skills:
 + Level 6.5 Fighting
 + Level 3.6 Armour
 - Level 2.3 Dodging
 - Level 2.0 Stealth
 + Level 8.1 Spellcasting
 + Level 9.5 Conjurations
 + Level 1.6 Fire Magic
 - Level 3.0 Evocations


You had 12 spell levels left.
You knew the following spells:

 Your Spells              Type           Power      Damage    Failure   Level
a - Magic Dart            Conj           100%       1d8       1%          1
b - Searing Ray           Conj           100%       2d8       1%          2
c - Fireball              Conj/Fire      23%        3d11      11%         5
d - Iskenderun's Battles  Conj           64%        2d11      2%          5

Your spell library contained the following spells:

 Spells                   Type           Power      Damage    Failure   Level
 Freeze                   Ice            48%        1d7       4%          1
 Dazzling Flash           Conj/Hex       84%        N/A       1%          3
 Beastly Appendage        Tmut           24%        N/A       4%          1
 Summon Small Mammal      Summ           48%        N/A       4%          1
 Fulminant Prism          Conj/Hex       21%        3d13      5%          4
 Iskenderun's Mystic Bla  Conj/Tloc      42%        2d10      5%          4
 Passwall                 Tmut/Erth      10%        N/A       6%          2
 Wereblood                Tmut           12%        N/A       6%          2
 Call Canine Familiar     Summ           12%        N/A       12%         3
 Gell's Gravitas          Tloc           12%        N/A       12%         3
 Spider Form              Tmut/Pois      12%        N/A       12%         3
 Summon Guardian Golem    Hex/Summ       12%        N/A       12%         3
 Teleport Other           Tloc           12%        N/A       12%         3
 Animate Armour           Summ/Erth      24%        N/A       36%         4
 Orb of Destruction       Conj           32%        9d10      54%         7
 Conjure Ball Lightning   Conj/Air       21%        3x3d6     65%         6
 Alistair's Intoxication  Tmut/Pois      8%         N/A       73%         5
 Dispersal                Tloc           6%         N/A       99%         6


Dungeon Overview and Level Annotations

Branches:
Dungeon (8/15)             Temple (1/1) D:7            Lair (0/5) D:8

Altars:
Dithmenos
Fedhas
Gozag
Hepliaklqana
Kikubaaqudgha
Makhleb
Nemelex Xobeh
Okawaru
Qazlal
Ru
Trog
Uskayaw
Vehumet
Wu Jian
Xom
Yredelemnul

Shops:
D:3 !


Innate Abilities, Weirdness & Mutations

You have a pair of antennae on your head.
Your demonic aura often causes spilled blood to erupt in flames.
You regenerate a little health from kills.
You have an unusually large brain. (Int +2)


Message History

The barrage of energy hits the cyclops!
The cyclops is moderately wounded.
Aiming: Magic Dart (safe; 1% risk of failure)
Press: ? - help, Q - select action, (/) - cycle Shift-Dir - straight line, f/p - cyclops
Aim: a cyclops, quivering large rocks (flame, moderately wounded, ally target, 100% to hit)
The magic dart hits the cyclops.
The cyclops is moderately wounded.
Your battlesphere fires!
The barrage of energy hits the cyclops!
The cyclops is severely wounded.
The cyclops is engulfed in blazing flames.
Aiming: Magic Dart (safe; 1% risk of failure)
Press: ? - help, Q - select action, (/) - cycle Shift-Dir - straight line, f/p - cyclops
Aim: a cyclops, quivering large rocks (almost dead, ally target, 100% to hit)
The magic dart hits the cyclops.
You kill the cyclops!
Vehumet accepts your kill.
You can now gain magical power from killing.
Vehumet offers you knowledge of Freeze.
Okay, then.
You see here a +0 falchion.
There is a stone staircase leading up here.
You start resting.
Your battlesphere wavers and loses cohesion.
You start resting.
Magic restored.
You start resting.
You sense a monster nearby.
You start resting.
HP restored.
You see here a +0 falchion.
A bunyip comes into view.
The bunyip claws you!! The bunyip claws you. The bunyip claws you!!
* * * LOW HITPOINT WARNING * * *
Okay, then.
You feel better.
As you read the scroll of teleportation, it crumbles to dust.
You feel strangely unstable. The bunyip attacks as you move away!
The bunyip claws you!!
You die...

#...')........#
#{..#...).....#
.......)).....#
######)...#..#
#[...).......#
#.....(##....#
#......##..°.# .
#........○x..#
...#....#....#@##
[............#.#
......##......#.#
......##......#.#
.............)#.#
....#....######.#
................#
##.............##
##..............#


You could see a bunyip.

Vanquished Creatures
  3 ugly things (D:8)
  A cyclops (D:8)
  A shadow (D:8)
  A yak (D:8)
  3 wargs
  3 sky beasts
  3 black bears
  An orc warrior (D:7)
  4 ogres
  An ice beast (D:5)
  2 centaurs
  3 necrophages
  A scorpion (D:6)
  8 wights
  A howler monkey (D:4)
  5 jellies
  A hound (D:7)
  A gnoll bouda (D:6)
  An orc priest (D:7)
  7 orc wizards
  8 gnolls
  8 adders
  3 white imps
  A dart slug (D:1)
  25 orcs
  5 bats
  5 endoplasms
  A giant cockroach (D:2)
  7 goblins
  6 hobgoblins
  4 jackals (D:1)
  12 kobolds
  6 quokkas
  6 ball pythons
  A frilled lizard (D:2)
  7 rats
156 creatures vanquished.

Vanquished Creatures (others)
  3 plants (D:8)
3 creatures vanquished.

Grand Total: 159 creatures vanquished

Notes
Turn   | Place    | Note
-------+----------+-------------------------------------------
     0 | D:1      | quixfox the Demonspawn Conjurer began the quest for the
                  | Orb.
     0 | D:1      | Reached XP level 1. HP: 13/13 MP: 3/3
   182 | D:1      | Gained mutation: Your demonic aura sometimes causes spilled
                  | blood to erupt in flames. [demonic ancestry]
   182 | D:1      | Reached XP level 2. HP: 19/19 MP: 1/5
  1347 | D:2      | Found a sparkling altar of Nemelex Xobeh.
  1531 | D:2      | Gained mutation: You have an unusually large brain. (Int
                  | +2) [demonic ancestry]
  1531 | D:2      | Reached XP level 3. HP: 24/24 MP: 2/7
  1884 | D:2      | Found a faded altar of an unknown god.
  1959 | D:2      | Learned a level 2 spell: Searing Ray
  2231 | D:3      | Reached XP level 4. HP: 30/30 MP: 5/8
  2316 | D:3      | Reached skill level 5 in Conjurations
  2674 | D:3      | Found a shadowy altar of Dithmenos.
  2890 | D:3      | Found Upybiuf's Distillery.
  3305 | D:4      | Noticed a black bear
  3315 | D:4      | Killed a black bear
  3316 | D:4      | Gained mutation: You have a pair of small antennae on your
                  | head. [demonic ancestry]
  3316 | D:4      | Reached XP level 5. HP: 17/35 MP: 2/11
  3895 | D:4      | Reached XP level 6. HP: 41/41 MP: 8/12
  3934 | D:4      | Reached skill level 6 in Conjurations
  4768 | D:5      | Entered Level 5 of the Dungeon
  4773 | D:5      | Noticed an ice beast
  4785 | D:5      | Killed an ice beast
  4786 | D:5      | Reached skill level 5 in Spellcasting
  4786 | D:5      | Gained mutation: You have a pair of antennae on your head.
                  | [demonic ancestry]
  4786 | D:5      | Reached XP level 7. HP: 42/46 MP: 2/14
  5649 | D:5      | Found a shimmering altar of Xom.
  5721 | D:5      | Found a burning altar of Makhleb.
  5876 | D:6      | Reached skill level 1 in Fighting
  5921 | D:6      | Reached skill level 1 in Evocations
  6127 | D:6      | Reached skill level 7 in Conjurations
  6416 | D:6      | Reached XP level 8. HP: 39/56 MP: 6/16
  7285 | D:6      | Found a hide-covered altar of Uskayaw.
  7942 | D:7      | Reached skill level 8 in Conjurations
  8198 | D:7      | Gained mutation: You regenerate a little health from kills.
                  | [demonic ancestry]
  8198 | D:7      | Reached XP level 9. HP: 66/66 MP: 11/19
  8321 | D:7      | Found a staircase to the Ecumenical Temple.
  8330 | Temple   | Entered the Ecumenical Temple
  8354 | Temple   | Became a worshipper of Vehumet
  9006 | D:7      | Reached skill level 5 in Fighting
  9115 | D:8      | Noticed a cyan ugly thing
  9131 | D:8      | Killed a cyan ugly thing
  9132 | D:8      | Reached skill level 1 in Armour
  9302 | D:8      | Got the Papyrus of Remoulded Calling
  9309 | D:8      | Noticed a green ugly thing
  9325 | D:8      | Noticed a green ugly thing
  9328 | D:8      | Killed a green ugly thing
  9329 | D:8      | Reached skill level 9 in Conjurations
  9351 | D:8      | Killed a green ugly thing
  9806 | D:8      | Identified a scroll of acquirement
  9806 | D:8      | Acquired a book of the Spheres
  9814 | D:8      | Learned a level 5 spell: Fireball
  9820 | D:8      | Learned a level 5 spell: Iskenderun's Battlesphere
  9828 | D:8      | Found a staircase to the Lair.
  9869 | D:8      | Gained mutation: Your demonic aura often causes spilled
                  | blood to erupt in flames. [demonic ancestry]
  9869 | D:8      | Reached XP level 10. HP: 76/76 MP: 12/21
  9872 | D:8      | Identified the +8 whip "Joah" {holy, rN+}
 10137 | D:8      | Reached skill level 1 in Fire Magic
 10271 | D:8      | Noticed a cyclops
 10284 | D:8      | Killed a cyclops
 10284 | D:8      | Reached * piety under Vehumet
 10284 | D:8      | Offered knowledge of Freeze by Vehumet.
 10424 | D:8      | Noticed a bunyip
 10428 | D:8      | Slain by a bunyip (shapeshifter)

Illustrated notes

Levels and vault maps discovered:
D:1:      saegor_arrival_simple_c, layout_rooms
D:2:      layout_basic, hellmonk_ecumenical_altar_arch_garden, basic_altar,
          kennysheep_generic_room_16
D:3:      layout_basic, nicolae_dithmenos_shadow_blocks, serial_shops,
          nicolae_shop_hallway_plus, chequers_arboretum,
          nicolae_figureground_sparkle
D:4:      layout_layer_cave, elyvilon_altar_1, serial_glass, glass_columns_a,
          glass_columns_b
D:5:      layout_loops_ring, grunt_temple_overflow_champion_of_chaos,
          hangedman_decor_lopped
D:6:      layout_loops_ring, mainiacjoe_overflow_small_starburst, dk_vineyard_2,
          kennysheep_path_1, minmay_misc_feat_rows
D:7:      layout_loops_ring, minmay_temple_entry_purple_smoke,
          minmay_misc_feat_columns
D:8:      minmay_cut_squares, layout_basic, erik_lair_orcish_takeover,
          uniq_pikel
Temple:   nicolae_temple_x_marks_the_god

Skill      XL: |  1  2  3  4  5  6  7  8  9 10 |
---------------+-------------------------------+-----
Stealth        | 2 |  2.0
Spellcasting   | 3 4 5 6 7 8 |  8.1
Conjurations   | 5 6 7 8 9 |  9.5
Fighting       | 2 4 6 |  6.5
Evocations     | 2 3 |  3.0
Dodging        | 2 |  2.3
Armour         | 3 |  3.6
Fire Magic     | 1 |  1.6

Action                   |  1- 3 |  4- 6 |  7- 9 | 10-12 || total
-------------------------+-------+-------+-------+-------++-------
Melee: Unarmed           |    13 |       |       |       ||    13
       Punch             |     1 |       |       |       ||     1
       Dagger            |       |       |     5 |       ||     5
 Cast: Magic Dart        |    81 |    74 |   142 |    27 ||   324
       Searing Ray       |     2 |     7 |    36 |     3 ||    48
       Iskenderun's Batt |       |       |     1 |     3 ||     4
Evoke: Wand              |       |       |     1 |       ||     1
  Use: Scroll            |     1 |       |    16 |     1 ||    18
       Potion            |     1 |       |     5 |     1 ||     7
Armor: Robe              |     9 |     2 |    16 |     3 ||    30
Dodge: Dodged            |    23 |     6 |    41 |     8 ||    78
Block: Other             |     9 |     1 |    10 |     3 ||    23
       Reflection        |       |     1 |     2 |       ||     3

Table legend: (Time is in decaauts)
 A = Elapsed time spent in this place.
 B = Non-inter-level travel time spent in this place.
 C = Inter-level travel time spent in this place.
 D = Time resting spent in this place.
 E = Time spent auto-exploring this place.
 F = Levels seen in this place.
 G = Mean time per level.
                   A        B        C        D        E       F      G
               +--------+--------+--------+--------+--------+-----+--------+
         Total |  10432 |  10186 |    246 |   3398 |   4841 |   9 | 1159.1 |
       Dungeon |  10374 |  10128 |    246 |   3398 |   4841 |   8 | 1296.8 |
        Temple |     57 |     57 |      0 |      0 |      0 |   1 |   57.0 |
               +--------+--------+--------+--------+--------+-----+--------+

Top non-repeatable levels by time:
     D:4: 2014 daAuts
     D:6: 1770 daAuts
     D:7: 1489 daAuts
     D:8: 1314 daAuts
     D:1: 1224 daAuts
     D:3: 1045 daAuts
     D:2: 835 daAuts
     D:5: 680 daAuts
  Temple: 57 daAuts
